Map: Orbital Shipyard (3.1.0 Balance v1.1)

Players

lesha

  • Race: Terran Terran
  • League: Silver

Player 2

  • Race: Zerg Zerg

VOD

Have the link to the VOD?

Description

Time

  • Played on: Jan. 3, 2016, 10:27 p.m.
  • Length: 12:24
Show
View Real Time Build Order
Export as new Build Order

lesha Terran 

Build Orders: Reaper Expand, MMM Bio, Banshee Rush 

Get SALT Encoding   

  12  0:01  Orbital Command  
    0:14  SCV x12  
  12  0:37  SCV  
  13  0:55  Supply Depot  
  14  1:03  SCV  
  14  1:15  SCV  
  15  1:28  Barracks  
  15  1:32  SCV, Refinery  
  16  1:44  SCV  
  17  1:57  SCV  
  18  2:09  SCV  
  19  2:16  Reaper  
  20  2:24  Command Center  
  20  2:37  Barracks  
  20  2:38  Orbital Command  
  20  2:42  Zerg Flyer Weapons Level 3, Protoss Ground Weapons Level 3, Zerg Melee Weapons Level 3, Zerg Flyer Armor Level 3, Zerg Ground Armor Level 3, Terran Vehicle Armor Level 3, Protoss Shields Level 3, Terran Infantry Weapons Level 3, Terran Infantry Armor Level 3, Protoss Ground Armor Level 3, Zerg Missile Weapons Level 3, Protoss Air Weapons Level 3, Protoss Air Armor Level 3, Terran Vehicle Weapons Level 3, Terran Ship Armor Level 3, Terran Ship Weapons Level 3  
  20  2:52  Refinery  
  20  3:01  Barracks Reactor  
  20  3:03  Terran Ship Armor Level 2, Protoss Air Armor Level 2, Protoss Ground Weapons Level 2, Protoss Air Weapons Level 2, Terran Ship Weapons Level 2, Zerg Flyer Weapons Level 2, Protoss Ground Armor Level 2, Terran Infantry Weapons Level 2, Terran Vehicle Weapons Level 2, Zerg Ground Armor Level 2, Zerg Missile Weapons Level 2, Zerg Melee Weapons Level 2, Zerg Flyer Armor Level 2, Terran Infantry Armor Level 2, Terran Vehicle Armor Level 2, Protoss Shields Level 2  
  20  3:05  SCV  
  21  3:15  Factory  
  21  3:18  Stimpack, Blink  
  21  3:25  Terran Infantry Armor Level 1, Zerg Melee Weapons Level 1, Protoss Ground Armor Level 1, Protoss Ground Weapons Level 1, Terran Infantry Weapons Level 1, Protoss Shields Level 1, Protoss Air Weapons Level 1, Terran Ship Weapons Level 1, Zerg Missile Weapons Level 1, Terran Ship Armor Level 1, Warp Gate, Zerg Flyer Weapons Level 1, Protoss Air Armor Level 1, Zerg Flyer Armor Level 1, Zerg Ground Armor Level 1, Terran Vehicle Armor Level 1, Terran Vehicle Weapons Level 1  
  21  3:30  Barracks Tech Lab  
  21  3:33  SCV  
  22  3:39  Extended Thermal Lance, Building Armor, Charge  
  22  3:40  SCV  
  23  3:43  Marine  
  23  3:44  Marine  
  23  3:45  SCV  
  23  3:46  Ventral Sacs, Adrenal Glands  
  26  3:52  Enduring Locusts  
  26  3:53  Personal Cloaking  
  26  3:59  Psionic Storm, Starport  
  26  4:00  Centrifical Hooks, Chitinous Plating, Combat Shields, Durable Materials, Glial Reconstitution, Infernal Pre-Igniter, Metabolic Boost, Cloaking Field, Tunneling Claws, Neosteel Frame, Corvid Reactor, Neural Parasite  
  26  4:01  Factory Reactor  
  26  4:03  Barracks  
  26  4:08  Burrow, Muscular Augments x2  
  26  4:09  Supply Depot  
  26  4:13  Supply Depot, Marine  
  26  4:15  SCV  
  28  4:20  SCV  
  28  4:22  Caduceus Reactor, Pathogen Glands, Gravitic Drive, Graviton Catapult, Moebius Reactor, Hi-Sec Auto Tracking, Observer Gravitic Boosters, Behemoth Reactor  
  29  4:24  Marine  
  30  4:33  Marine  
  30  4:36  Pneumatized Carapace, Concussive Shells, Weapon Refit  
  31  4:45  Marine  
  31  4:52  Marine x3  
  36  5:13  Barracks Reactor  
  36  5:16  Orbital Command  
  36  5:19  Unknown x5  
    5:29  SCV x12  
    5:42  SCV  
  13  5:54  SCV  
  14  5:59  Supply Depot  
  14  6:06  SCV  
  15  6:21  SCV  
  15  6:22  Barracks  
  16  6:30  Refinery  
  16  6:35  SCV  
  17  6:47  SCV  
  18  7:00  SCV  
  19  7:13  Reaper  
  20  7:17  Command Center, SCV  
  21  7:29  SCV  
  22  7:30  Barracks  
  22  7:43  Orbital Command  
  22  7:46  Refinery  
  22  7:48  Barracks Reactor  
  22  8:10  SCV  
  22  8:11  Factory  
  23  8:25  SCV  
  23  8:27  Supply Depot  
  24  8:31  Barracks Tech Lab  
  24  8:38  SCV x2  
  26  8:49  Marine  
  26  8:50  Marine  
  26  8:52  Stimpack  
  26  8:54  SCV x2  
  30  9:01  Starport  
  30  9:02  Factory Reactor  
  30  9:09  SCV x2  
  32  9:15  Marine x2  
  32  9:16  Marine  
  35  9:36  Orbital Command  
  35  9:41  Supply Depot  
  35  9:48  SCV  
  84  9:52  Medivac  
  36  9:53  Medivac  
  36  9:54  Marine  
  36  9:55  Marine x2  
  43  10:00  SCV  
  43  10:03  SCV  
  43  10:04  Barracks  
  45  10:12  Marine  
  46  10:14  Marine x2  
  48  10:30  Marine  
  48  10:31  Factory Reactor  
  48  10:32  Marine x2  
  51  10:48  Marine  
  52  10:53  Marine x2  
  54  10:58  Combat Shields  
  54  11:06  Marine  
  54  11:09  SCV x2  
  54  11:10  Marine x2  
  54  11:11  Marine  
  60  11:24  Marine  
  61  11:28  Marine x3  
Show
View Real Time Build Order
Export as new Build Order

Player 2 Zerg 

Build Orders: Hatch First 

Get SALT Encoding   

    0:08  Overlord  
    0:14  Drone x12  
    0:26  Unknown  
  13  0:35  Drone  
  13  0:41  Drone  
  14  1:02  Overlord  
  14  1:20  Drone  
  14  1:21  Drone  
  14  1:22  Drone  
  17  1:32  Drone  
  18  1:45  Hatchery  
  17  1:55  Spawning Pool  
  17  1:57  Extractor  
  17  1:59  Drone  
  16  2:02  Drone  
  16  2:07  Extractor  
  16  2:08  Drone  
  17  2:14  Drone  
  18  2:25  Drone  
  19  2:35  Overlord  
  19  2:42  Zerg Flyer Weapons Level 3, Protoss Ground Weapons Level 3, Zerg Melee Weapons Level 3, Zerg Flyer Armor Level 3, Zerg Ground Armor Level 3, Terran Vehicle Armor Level 3, Protoss Shields Level 3, Terran Infantry Weapons Level 3, Terran Infantry Armor Level 3, Protoss Ground Armor Level 3, Zerg Missile Weapons Level 3, Protoss Air Weapons Level 3, Protoss Air Armor Level 3, Terran Vehicle Weapons Level 3, Terran Ship Armor Level 3, Terran Ship Weapons Level 3  
  19  2:44  Queen  
  19  2:46  Zergling x2  
  22  2:56  Drone  
  23  3:03  Terran Ship Armor Level 2, Protoss Air Armor Level 2, Protoss Ground Weapons Level 2, Protoss Air Weapons Level 2, Terran Ship Weapons Level 2, Zerg Flyer Weapons Level 2, Protoss Ground Armor Level 2, Terran Infantry Weapons Level 2, Terran Vehicle Weapons Level 2, Zerg Ground Armor Level 2, Zerg Missile Weapons Level 2, Zerg Melee Weapons Level 2, Zerg Flyer Armor Level 2, Terran Infantry Armor Level 2, Terran Vehicle Armor Level 2, Protoss Shields Level 2  
  23  3:07  Queen  
  25  3:13  Drone  
  25  3:18  Blink, Stimpack, Zergling x2  
  26  3:23  Drone  
  26  3:25  Terran Infantry Armor Level 1, Zerg Melee Weapons Level 1, Protoss Ground Armor Level 1, Protoss Ground Weapons Level 1, Terran Infantry Weapons Level 1, Protoss Shields Level 1, Protoss Air Weapons Level 1, Terran Ship Weapons Level 1, Zerg Missile Weapons Level 1, Terran Ship Armor Level 1, Warp Gate, Zerg Flyer Weapons Level 1, Protoss Air Armor Level 1, Zerg Flyer Armor Level 1, Zerg Ground Armor Level 1, Terran Vehicle Armor Level 1, Terran Vehicle Weapons Level 1  
  27  3:28  Drone  
  27  3:33  Drone  
  29  3:39  Extended Thermal Lance, Building Armor, Charge  
  29  3:46  Ventral Sacs, Adrenal Glands  
  29  3:49  Roach Warren  
  29  3:51  Drone  
  29  3:52  Enduring Locusts  
  29  3:53  Personal Cloaking  
  29  3:56  Drone  
  29  3:59  Psionic Storm  
  29  4:00  Centrifical Hooks, Chitinous Plating, Combat Shields, Durable Materials, Glial Reconstitution, Infernal Pre-Igniter, Metabolic Boost, Cloaking Field, Tunneling Claws, Neosteel Frame, Corvid Reactor, Neural Parasite  
  29  4:01  Zergling x2  
  31  4:05  Zergling x2  
  31  4:08  Burrow, Muscular Augments x2  
  32  4:13  Overlord  
  32  4:17  Drone  
  32  4:21  Drone  
  32  4:22  Caduceus Reactor, Pathogen Glands, Gravitic Drive, Graviton Catapult, Moebius Reactor, Hi-Sec Auto Tracking, Observer Gravitic Boosters, Behemoth Reactor  
  36  4:31  Roach  
  36  4:32  Roach  
  36  4:36  Pneumatized Carapace, Concussive Shells, Weapon Refit  
  36  4:38  Roach  
  40  4:43  Roach  
  42  4:51  Overlord  
  42  4:59  Overlord  
  45  5:19  Unknown x5  
    5:23  Overlord  
    5:29  Drone x12  
    5:41  Unknown  
  12  5:42  Extractor  
  12  5:48  Drone  
  12  5:53  Drone  
  13  5:58  Drone  
  14  6:10  Overlord  
  14  6:29  Drone x2  
  16  6:57  Hatchery  
  15  7:27  Hatchery  
  14  7:59  Hatchery  
  13  8:24  Spawning Pool  
  12  9:13  Queen, Zergling x2  
  12  9:15  Roach Warren  
  14  9:22  Drone  
  15  9:28  Zergling x2  
  16  9:51  Drone  
  17  9:57  Drone  
  17  9:58  Roach  
  20  10:08  Roach  
  22  10:18  Roach  
  24  10:26  Roach  
  26  10:31  Drone  
  27  10:36  Drone  
  27  10:42  Drone  
  29  10:48  Drone  
  30  10:53  Drone  
  31  10:57  Drone  
  32  11:05  Overlord  
  32  11:09  Drone  
  33  11:12  Drone  
  33  11:16  Drone  
  35  11:20  Drone  
  36  11:29  Zergling x2  
  28  11:35  Zergling x2  
  22  11:44  Drone  
  5  12:02  Drone x2  
  5  12:09  Drone  
Tags
 
Add a new tag
Caveats
  • Supply blocks, unpowered buildings, or Contaminate may cause inaccurate times.
  • Supply counts are checked every 10 seconds.